 Dungeon Crawl Stone Soup version 0.29.1-1-gd02db6906a (webtiles) character file.

Game seed: 12835289617947226606

18 hawla the Firebug (level 2, 0/15 HPs)
             Began as a Deep Elf Fire Elementalist on Sept 29, 2022.
             Slain by a ball python (3 damage)
             ... on level 2 of the Dungeon.
             The game lasted 00:02:22 (1358 turns).

hawla the Firebug (Deep Elf Fire Elementalist)      Turns: 1358, Time: 00:02:22

Health: 0/15       AC:  5    Str:  5    XL:     2   Next: 51%
Magic:  5/8        EV:  9    Int: 19    God:
Gold:   59         SH:  0    Dex: 15    Spells: 4/7 levels left

rFire   . . .      SeeInvis .   g - staff of poison
rCold   . . .      Faith    .   (no shield)
rNeg    . . .      Spirit   .   a - +0 robe
rPois   +          Reflect  .   (no helmet)
rElec   .          Harm     .   l - +2 cloak
rCorr   .          Rampage  .   (no gloves)
Will    +....                   (no boots)
Stlth   ++........              (no amulet)
HPRegen 0.05/turn               k - ring of willpower
MPRegen 0.11/turn               (no ring)

@: very slightly contaminated, constricted
A: no striking features
a: no special abilities


You were on level 2 of the Dungeon.
You visited 1 branch of the dungeon, and saw 2 of its levels.

You collected 59 gold pieces.

Inventory:

Armour
 a - a +0 robe (worn)
 l - a +2 cloak (worn)
Magical Staves
 g - a staff of poison (weapon)
Jewellery
 k - a ring of willpower (left hand)
Scrolls
 c - a scroll of identify
 d - a scroll of enchant armour
Potions
 b - a potion of magic
 h - a potion of flight
 j - a potion of haste


   Skills:
 - Level 2.4 Dodging
 - Level 2.4 Stealth
 - Level 3.1 Spellcasting
 - Level 1.1 Conjurations
 - Level 4.0 Fire Magic
 * Level 0.2 Poison Magic
 * Level 0.3 Evocations


You had 4 spell levels left.
You knew the following spells:

 Your Spells              Type           Power      Damage    Failure   Level
a - Foxfire               Conj/Fire      48%        2x1d6     5%          1
b - Scorch                Fire           36%        2d7       4%          2

Your spell library contained the following spells:

 Spells                   Type           Power      Damage    Failure   Level
 Conjure Flame            Conj/Fire      12%        6-21      16%         3
 Inner Flame              Hex/Fire       10%        N/A       21%         3
 Flame Wave               Conj/Fire      12%        2d6       45%         4


Dungeon Overview and Level Annotations

Branches:
Dungeon (2/15)

Altars:


Message History

The dart slug misses you.
You hit the dart slug.
The dart slug is heavily wounded.
The dart slug launches a dart at you. The slug dart hits you.
You hit the dart slug.
The dart slug is almost dead.
The dart slug launches a dart at you. The slug dart hits you.
You hit the dart slug.
The dart slug is almost dead.
The dart slug bites you but does no damage.
You hit the dart slug but do no damage.
The dart slug is almost dead.
The ball python closely misses you. x2
The dart slug bites you but does no damage.
You hit the dart slug.
The dart slug is almost dead.
The ball python barely misses you. The ball python misses you.
The ball python bites you. The ball python completely misses you.
You hit the dart slug.
You kill the dart slug!
The ball python bites you but does no damage.
The ball python grabs you. The ball python constricts you.
You are too injured to fight recklessly!
Casting: Foxfire (safe; 5% risk of failure)
Confirm with . or Enter, or press ? or * to list all spells.
You miscast Scorch.
You are very lightly contaminated with residual magic.
Nothing appears to happen.
The ball python barely misses you. The ball python constricts you.
The ball python bites you. The ball python constricts you.
* * * LOW HITPOINT WARNING * * *
Unknown command.
Casting: Scorch (safe; 4% risk of failure)
Confirm with . or Enter, or press ? or * to list all spells.
You conjure some foxfire!
The ball python bites you.
* * * LOW HITPOINT WARNING * * *
The ball python constricts you. The ball python bites you.
You die...

*,,,,,,,,,,,,* #...#.#.#.##
*,,,,,,,_,,,,* #.......#...
*,,,,,,,,,,,** ##.#.#.#.####
,,,,,,,,,,,,* #..#...#.....
*,,,,,**,,,*#########......#.####
,,,,,,**,*,,..........##.........
,*******,*,,,######.......##.####
,* *,,,,,*####..#####.##.#
,***********,*#.@v.#....#.##.#
,,,,,,,,,......S.v....#.#.##.#
,********###..#########,#.##.#
,*,,,,,,,....>,,,,,,,,,,#.##.#
,*,,,,,,,...,,,*********#.##.#
,*,>,,,,,..,,,,* *,,,,,,..##.#***
,*,,,,,,,.,,,,,* *,*********,,,,,
**,,,,,,,,,,,,,* *,* ******
*,,,,,,,,,,,,,***,*


You could see a ball python (ally target).

Vanquished Creatures
  A dart slug (D:2)
  A ball python (D:1)
  A bat (D:1)
  3 endoplasms (D:1)
  2 giant cockroaches (D:1)
  2 goblins (D:1)
  A quokka (D:1)
  A frilled lizard (D:2)
  A kobold (D:1)
  A rat (D:1)
14 creatures vanquished.

Vanquished Creatures (others)
  26 foxfires (D:1)
26 creatures vanquished.

Grand Total: 40 creatures vanquished

Notes
Turn   | Place    | Note
-------+----------+-------------------------------------------
     0 | D:1      | hawla the Deep Elf Fire Elementalist began the quest for
                  | the Orb.
     0 | D:1      | Reached XP level 1. HP: 10/10 MP: 6/6
   260 | D:1      | Reached XP level 2. HP: 2/15 MP: 6/8
   263 | D:1      | Learned a level 2 spell: Scorch
   652 | D:1      | Reached skill level 4 in Fire Magic
  1358 | D:2      | Slain by a ball python

Illustrated notes

Levels and vault maps discovered:
D:1:      lightli_arrival_statue_moat, layout_basic, serial_corexii_hall,
          corexii_hall_statues_u, corexii_hall_statues_t
D:2:      layout_basic, dilly_ecumenical_altar_fadedgnrine, basic_altar

Skill      XL: |  1  2 |
---------------+-------+-----
Fire Magic     | 4 |  4.0
Dodging        | |  2.4
Stealth        | |  2.4
Spellcasting   | |  3.1
Conjurations   | |  1.1
Poison Magic   | |  0.2
Evocations     | |  0.3

Action                   || total
-------------------------++-------
Melee: Unarmed           ||     4
       Staff             ||     9
 Cast: Foxfire           ||    15
       Scorch            ||     1
  Use: Scroll            ||     6
 Stab: Sleeping          ||     1
Armor: Robe              ||     6
Dodge: Dodged            ||    13
